 Dungeon Crawl Stone Soup version 0.27.1-1-g398f81649c (webtiles) character file.

Game seed: 3629455725418569654

452 aster the Skirmisher (level 6, -1/57 HPs)
             Began as a Minotaur Abyssal Knight on Sept 6, 2021.
             Was a Believer of Lugonu.
             Splashed by Ijyb's acid (9 damage)
             ... on level 4 of the Dungeon on Sept 7, 2021.
             The game lasted 00:09:50 (3504 turns).

aster the Skirmisher (Minotaur Abyssal Knight)      Turns: 3504, Time: 00:09:54

Health: -1/57      AC:  1    Str: 19    XL:     6   Next: 75%
Magic:  7/7        EV:  7    Int:  9    God:    Lugonu [**....]
Gold:   297        SH:  0    Dex:  9    Spells: 5/5 levels left

rFire    . . .     SeeInvis .   a - +2 falchion (flame)
rCold    . . .     Faith    .   (no shield)
rNeg     . . .     Spirit   .   f - +0 chain mail
rPois    .         Reflect  .   (helmet restricted)
rElec    .         Harm     .   (no cloak)
rCorr    .         Rampage  .   (no gloves)
Will     .....                  (no boots)
Stlth    ..........             (no amulet)
HPRegen  0.19/turn              (no ring)
MPRegen  0.10/turn              (no ring)

@: corroded
A: horns 2, retaliatory headbutt
a: Renounce Religion, Depart the Abyss, Bend Space


You were on level 4 of the Dungeon.
You worshipped Lugonu.
Lugonu was pleased with you.
You visited 1 branch of the dungeon, and saw 4 of its levels.
You visited the Abyss 1 time.

You collected 297 gold pieces.

Inventory:

Hand Weapons
 a - a +2 falchion of flaming (weapon)
 e - a +2 dagger of draining
Missiles
 c - 5 atropa-tipped darts
 j - a throwing net
 l - 9 poisoned darts
 o - 4 javelins (quivered)
Armour
 b - a +0 leather armour
 f - a +0 chain mail (worn)
 s - a +2 robe
Scrolls
 h - a scroll of noise {unknown}
 n - 4 scrolls of immolation
 p - a scroll of amnesia {unknown}
 q - a scroll of magic mapping
Potions
 d - a potion of invisibility
 g - a potion of heal wounds
 i - 2 potions of curing {unknown}
 k - a potion of cancellation {unknown}
 m - a potion of resistance {unknown}
 r - a potion of attraction {unknown}


   Skills:
 + Level 5.9 Fighting
 * Level 4.6 Long Blades
 + Level 5.3 Armour
 - Level 1.1 Dodging
 - Level 0.4 Stealth
 * Level 3.0 Invocations


You had 5 spell levels left.
You didn't know any spells.
Your spell library contained the following spells:

 Spells                   Type           Power      Damage    Failure   Level
 Beastly Appendage        Tmut           0%         N/A       99%         1
 Wereblood                Tmut           0%         N/A       99%         2
 Spider Form              Tmut/Pois      0%         N/A       100%        3


Dungeon Overview and Level Annotations

Branches:
Dungeon (4/15)
 Temple: D:4-7

Altars:
Vehumet

Annotations:
D:4 Ijyb


Innate Abilities, Weirdness & Mutations

You have a pair of horns on your head.
You reflexively headbutt those who attack you in melee.


Message History

You kill the goblin!
Lugonu accepts your kill. The goblin hits you but does no damage.
You slash the goblin! You burn the goblin.
You kill the goblin!
Lugonu accepts your kill.
No target in view!
No target in view!
No target in view!
You start resting.
A goblin comes into view. It is wielding a +0 dagger.
The goblin shouts!
Things that are here:
a +0 dagger; a goblin corpse A goblin comes into view.
It is wielding a +0 dagger.
The goblin moves out of view.
Ijyb the Twisted Goblin comes into view.
She is wielding a +0 club and carrying a wand of acid (8).
A goblin comes into view. It is wielding a +0 club.
The goblin shouts!
You hit the goblin. You burn the goblin.
You kill the goblin!
Lugonu accepts your kill.
Ijyb zaps a wand.
The bolt of acid hits you! The acid corrodes you!
You are splashed with acid.
You see here a +0 dagger.
You barely miss Ijyb. You headbutt Ijyb.
Ijyb is lightly wounded.
You hit Ijyb but do no damage.
Ijyb is lightly wounded.
Ijyb zaps a wand.
The bolt of acid hits you! The acid corrodes you!
You are splashed with acid!
You are too injured to fight recklessly!
You are too injured to fight recklessly!
Ijyb zaps a wand.
The bolt of acid hits the goblin!
The goblin is splashed with acid.
The acid corrodes the goblin!
The goblin dies!
The bolt of acid hits you!
* * * LOW HITPOINT WARNING * * *
The acid corrodes you!
You are splashed with acid!
You die...

.......)'...'......#.#
#########...######## #
................#
###############.##
###############..##.####
.......))..))[..........
#####.)########..#.....
##.# #.###### #.@#######
.# #.)8.8.8.8 .# ###
#.gg...... .# #..
#......... #..
#......... #. #..
#......... .. #..
#......... #.##..
#..8.8.8.8 #..#..
########## #.#..


You could see Ijyb and a goblin.

Vanquished Creatures
  Duvessa (D:4)
  Blork the orc (D:4)
  A bullfrog (D:3)
  Dowan (D:4)
  The ghost of Corwin the Chopper, a weakling HuBe of Trog (D:3)
  A centaur zombie (D:3)
  4 adders
  2 worms (D:2)
  2 dart slugs
  An orc (D:3)
  4 ball pythons
  4 endoplasms
  3 giant cockroaches
  7 goblins
  A hobgoblin (D:1)
  7 kobolds
  4 quokkas
  6 bats
  A frilled lizard (D:2)
  4 rats
56 creatures vanquished.

Vanquished Creatures (others)
  A goblin (D:4)
1 creature vanquished.

Grand Total: 57 creatures vanquished

Notes
Turn   | Place    | Note
-------+----------+-------------------------------------------
     0 | Abyss:1  | aster the Minotaur Abyssal Knight began the quest for the
                  | Orb.
     0 | Abyss:1  | Reached XP level 1. HP: 19/19 MP: 1/1
    82 | Abyss:1  | Noticed a wretched star
    83 | D:1      | Escaped the Abyss
   511 | D:1      | Reached * piety under Lugonu
   512 | D:1      | Reached XP level 2. HP: 25/27 MP: 2/2
  1026 | D:1      | Found a radiant altar of Vehumet.
  1167 | D:2      | Reached XP level 3. HP: 33/33 MP: 3/3
  2144 | D:2      | Reached XP level 4. HP: 41/41 MP: 4/4
  2478 | D:3      | Found a runed translucent door.
  2482 | D:3      | Noticed a bullfrog
  2483 | D:3      | Noticed Corwin's ghost (weakling HuBe)
  2495 | D:3      | Killed a bullfrog
  2496 | D:3      | Reached skill level 5 in Fighting
  2496 | D:3      | Reached XP level 5. HP: 22/48 MP: 5/5
  2510 | D:3      | Killed Corwin's ghost
  2510 | D:3      | Reached ** piety under Lugonu
  3085 | D:4      | Noticed Blork the orc
  3093 | D:4      | Killed Blork the orc
  3094 | D:4      | Reached XP level 6. HP: 27/56 MP: 6/6
  3274 | D:4      | Noticed Duvessa
  3275 | D:4      | Noticed Dowan
  3284 | D:4      | Killed Duvessa
  3285 | D:4      | Reached skill level 5 in Armour
  3291 | D:4      | Killed Dowan
  3499 | D:4      | Noticed Ijyb
  3504 | D:4      | Splashed by Ijyb's acid

Illustrated notes

Levels and vault maps discovered:
D:1:      dpeg_arrival_water_altar, layout_basic, moated_statue
D:2:      layout_loops_corners
D:3:      layout_rooms, ebering_ghost_sewer_d
D:4:      kennysheep_the_goblin_king, layout_basic, uniq_duvessa,
          uniq_blork_the_orc, uniq_edmund

Skill      XL: |  1  2  3  4  5  6 |
---------------+-------------------+-----
Invocations    | 2 3 |  3.0
Fighting       | 4 5 |  5.9
Armour         | 3 4 5 |  5.3
Long Blades    | 3 4 |  4.6
Dodging        | |  1.1
Stealth        | |  0.4

Action                   |  1- 3 |  4- 6 || total
-------------------------+-------+-------++-------
Melee: Dagger            |    73 |    17 ||    90
       Headbutt          |     5 |    14 ||    19
       Falchion          |       |    54 ||    54
Invok: Depart the Abyss  |     1 |       ||     1
  Use: Scroll            |     4 |     5 ||     9
       Potion            |       |     2 ||     2
Armor: Leather armour    |     2 |       ||     2
       Chain mail        |    27 |    35 ||    62
Dodge: Dodged            |    23 |    31 ||    54
       Rpst.: Falchion   |       |     9 ||     9
